 Dungeon Crawl Stone Soup version 0.17-a0-896-g249456b (webtiles) character file.

6505 xeno23 the Basher (level 11, -30/101 HPs)
             Began as an Ogre Wizard on May 2, 2015.
             Was a High Priest of Okawaru.
             Killed from afar by raph's ghost (38 damage)
             ... with a shard of ice
             ... on level 9 of the Dungeon.
             The game lasted 01:00:04 (11990 turns).

xeno23 the Basher (Ogre Wizard)                    Turns: 11990, Time: 01:00:04

Health: -30/101    AC:  7    Str: 22    XL:     11   Next: 0%
Magic:  15/20      EV:  9    Int: 17    God:    Okawaru [*****.]
Gold:   500        SH:  0    Dex:  8    Spells: 6 memorised, 9 levels left

rFire  . . .     SeeInvis +     a - +1 flail (drain)
rCold  . . .     Clarity  .     Y - +2 robe {rN+}
rNeg   + . .     SustAb   .     (no shield)
rPois  .         Gourm    .     y - +1 hat
rElec  .         Spirit   .     F - +0 cloak
rCorr  .         Warding  .     (gloves unavailable)
rMut   .         Stasis   .     (boots unavailable)
MR     +....                    q - amulet of faith
Stlth  +.........               k - +5 ring of strength
                                E - ring of see invisible

@: about to teleport, very slightly contaminated, repel missiles, drained,
somewhat resistant to hostile enchantments, very unstealthy
A: unfitting armour, tough skin 1
a: Heroism, Finesse, Renounce Religion


You were on level 9 of the Dungeon.
You worshipped Okawaru.
Okawaru was extremely pleased with you.
You were not hungry.

You visited 2 branches of the dungeon, and saw 10 of its levels.

You collected 500 gold pieces.

Inventory:

Hand weapons
 a - a +1 flail of draining (weapon)
 b - a +0 blowgun
 H - a +0 trident
 I - a +0 giant spiked club
 J - a +2 vampiric battleaxe
Missiles
 x - 6 curare-tipped needles
 P - 11 javelins of penetration (quivered)
 S - 32 poisoned needles
Armour
 y - a +1 hat (worn)
 F - a +0 cloak (worn)
 Y - a +2 robe of positive energy (worn)
Jewellery
 k - a +5 ring of strength (right hand)
 q - an amulet of faith (around neck)
 w - an uncursed ring of protection from cold
 z - an uncursed ring of poison resistance
 E - a ring of see invisible (left hand)
 M - an uncursed amulet of warding
 T - an uncursed amulet of stasis
Magical devices
 o - a wand of digging (11)
 A - a wand of confusion (34)
 L - a wand of fireball (6)
 N - a wand of flame (32)
 Q - a wand of fireball (9)
 X - a wand of teleportation (3)
Scrolls
 e - a scroll of identify
 g - 2 scrolls of remove curse
 n - a scroll of fog
 s - a scroll of recharging
 v - a scroll of teleportation
 K - a scroll of amnesia
 O - a scroll of magic mapping
 U - a scroll of enchant armour
Potions
 f - a potion of mutation {unknown}
 h - a potion of lignification {unknown}
 i - a potion of cure mutation {unknown}
 j - 2 potions of ambrosia
 m - a potion of heal wounds {unknown}
 p - 2 potions of poison {unknown}
 r - 2 potions of brilliance
 t - 2 potions of agility {unknown}
 u - 3 potions of haste
 B - 2 potions of curing
 D - a potion of beneficial mutation {unknown}
 G - a potion of cancellation {unknown}
 R - 2 potions of invisibility {unknown}
Books
 c - a book of Minor Magic

   Spells                             Type                      Level
   a - Magic Dart                     Conjuration                  1
   b - Blink                          Translocation                2
   c - Call Imp                       Summoning                    2
   d - Repel Missiles                 Charms/Air                   2
   e - Slow                           Hexes                        2
   f - Conjure Flame                  Conjuration/Fire             3
   g - Mephitic Cloud                 Conjuration/Poison/Air       3
Comestibles
 d - 8 bread rations
 l - 8 meat rations
 V - 2 beef jerkies
 W - 6 slices of pizza
 Z - 6 chunks of flesh


   Skills:
 + Level 4.5(3.7) Fighting
 - Level 14.6(13.6) Maces & Flails
 + Level 9.1(8.1) Throwing
 + Level 2.0(1.2) Dodging
 - Level 1.5(0.8) Stealth
 - Level 6.3(5.4) Spellcasting
 - Level 1.7(0.9) Conjurations
 - Level 0.6(0.0) Summonings
 - Level 0.6(0.0) Translocations
 - Level 1.6(0.8) Air Magic
 * Level 2.0(1.2) Invocations


You had 9 spell levels left.
You knew the following spells:

 Your Spells              Type           Power        Failure   Level  Hunger
a - Magic Dart            Conj           #...         12%         1    None
b - Blink                 Tloc           N/A          24%         2    #......
c - Call Imp              Summ           #.......     24%         2    #......
d - Conjure Flame         Conj/Fire      #.......     38%         3    ##.....
e - Mephitic Cloud        Conj/Pois/Air  #.......     38%         3    ##.....
r - Repel Missiles        Chrm/Air       #.....       21%         2    #......


Dungeon Overview and Level Annotations

Branches:
Dungeon (9/15)             Temple (1/1) D:5
   Lair: D:8-11         Orc: D:9-12

Altars:
Ashenzari
Cheibriados
Dithmenos
Elyvilon
Fedhas
Gozag
Kikubaaqudgha
Makhleb
Nemelex Xobeh
Okawaru
Qazlal
Ru
Sif Muna
Trog
Vehumet
Xom
Yredelemnul
Zin
The Shining One

Shops:
D:9 [

Annotations:
D:9 raph's ghost, experienced DrIE


Innate Abilities, Weirdness & Mutations

You are too large for most types of armour.
You have tough skin (AC +1).


Message History

Your surroundings suddenly seem different.
You start resting.
You feel like a meek peon again.
You start resting.
Raph's ghost blocks your crimson imp's attack.
Raph's ghost points at your crimson imp and mumbles some strange words.
Your crimson imp is frozen!
Your crimson imp is frozen.
Your crimson imp dies!
Raph's ghost turns its malevolent gaze towards you.
Casting: Call Imp
Confirm with . or Enter, or press ? or * to list all spells.
Okay, then.
Read which item? (? for menu, Esc to quit)
As you read the scroll of teleportation, it crumbles to dust.
You feel strangely unstable.
Your hands slow down.
Raph's ghost gestures at you while chanting.
The shard of ice hits you!
You die...

### ##... #####....
#...<....
############........
#......#.....[......
#....(.#.......(....
#..@...#............
#......#............
##.W####......#.....
#.)...#............
#.###..............
...# ##.............
##.####..##.........<
#.##....####........
#.....(.##..........


You could see raph's ghost.

Vanquished Creatures
  A hydra (D:8)
  Erica (D:8)
  Pikel (D:8)
  A deep elf mage (D:9)
  A shadow (D:8)
  A human (D:8)
  A hog (D:8)
  Eustachio (D:6)
  A hungry ghost (D:7)
  A steam dragon (D:9)
  2 hippogriffs
  A water moccasin (D:8)
  4 slaves
  A black bear (D:9)
  2 ice beasts
  An orc warrior (D:6)
  4 ogres
  A sky beast (D:8)
  A big kobold (D:7)
  4 centaurs
  Blork the orc (D:5)
  4 giant frogs
  4 killer bees
  4 scorpions
  A wyvern skeleton (D:8)
  3 wights (D:8)
  An electric eel (D:8)
  4 crimson imps
  7 hounds
  4 orc wizards
  An orc priest (D:5)
  Jessica (D:3)
  2 giant frog skeletons (D:6)
  5 worker ants
  An iguana (D:7)
  A killer bee zombie (D:8)
  3 sheep (D:8)
  A worker ant zombie (D:5)
  12 adders
  A shadow imp (D:7)
  2 oozes (D:3)
  3 worms
  16 orcs
  A ball python (D:3)
  12 bats
  3 bat skeletons
  10 giant cockroaches
  14 hobgoblins
  9 kobolds
  4 quokkas
  6 giant geckos
  6 giant newts
  10 goblins
  3 jackals (D:5)
  2 jackal skeletons (D:6)
  A jackal zombie (D:6)
  12 rats
206 creatures vanquished.

Vanquished Creatures (collateral kills)
  Prince Ribbit (D:5)
  3 killer bees
  An orc priest (D:4)
  An iguana (D:8)
  A worker ant (D:8)
  An adder (D:2)
  2 giant geckos
  2 orcs
  A rat (D:2)
13 creatures vanquished.

Vanquished Creatures (others)
  4 crimson imps
  A hound skeleton (D:6)
  A shadow imp (D:8)
  2 white imps
8 creatures vanquished.

Grand Total: 227 creatures vanquished

Notes
Turn   | Place    | Note
--------------------------------------------------------------
     0 | D:1      | xeno23, the Ogre Wizard, began the quest for the Orb.
     0 | D:1      | Reached XP level 1. HP: 16/16 MP: 5/5
    39 | D:1      | Reached skill level 1 in Fighting
   148 | D:1      | Reached XP level 2. HP: 25/28 MP: 2/6
   156 | D:1      | Learned a level 2 spell: Blink
   159 | D:1      | Learned a level 2 spell: Call Imp
   162 | D:1      | Learned a level 2 spell: Repel Missiles
   678 | D:1      | Reached skill level 1 in Maces & Flails
  1022 | D:2      | Reached XP level 3. HP: 32/36 MP: 4/8
  1489 | D:2      | Reached XP level 4. HP: 27/45 MP: 9/9
  1610 | D:2      | Learned a level 3 spell: Conjure Flame
  2698 | D:3      | Reached skill level 4 in Spellcasting
  2704 | D:3      | Noticed Jessica
  2707 | D:3      | Killed Jessica
  2707 | D:3      | Reached XP level 5. HP: 53/53 MP: 8/11
  3001 | D:3      | Reached skill level 1 in Throwing
  3351 | D:4      | Reached skill level 5 in Maces & Flails
  3351 | D:4      | Reached XP level 6. HP: 35/61 MP: 8/12
  3382 | D:4      | Learned a level 3 spell: Mephitic Cloud
  3839 | D:5      | Entered Level 5 of the Dungeon
  4067 | D:5      | Found a staircase to the Ecumenical Temple.
  4077 | Temple   | Entered the Ecumenical Temple
  4167 | Temple   | Became a worshipper of Warmaster Okawaru
  4267 | D:5      | Reached skill level 6 in Maces & Flails
  4310 | D:5      | Noticed Prince Ribbit
  4311 | D:5      | Noticed Blork the orc
  4331 | D:5      | Killed Prince Ribbit
  4331 | D:5      | Acquired Okawaru's first power
  4331 | D:5      | Reached skill level 5 in Spellcasting
  4331 | D:5      | Reached skill level 1 in Conjurations
  4331 | D:5      | Reached XP level 7. HP: 52/67 MP: 7/14
  4399 | D:5      | Killed Blork the orc
  4464 | D:5      | Reached skill level 1 in Air Magic
  4637 | D:5      | Reached skill level 7 in Maces & Flails
  4823 | D:5      | Reached XP level 8. HP: 59/75 MP: 14/16
  5373 | D:6      | Reached skill level 8 in Maces & Flails
  5403 | D:6      | Noticed Eustachio
  5495 | D:6      | Killed Eustachio
  5746 | D:6      | Reached skill level 9 in Maces & Flails
  6403 | D:6      | Reached skill level 5 in Throwing
  6403 | D:6      | Reached XP level 9. HP: 83/83 MP: 18/18
  6418 | D:6      | Found a white marble altar of Elyvilon.
  6549 | D:6      | Reached skill level 10 in Maces & Flails
  6890 | D:6      | HP: 4/83 [poisoned by a killer bee]
  6896 | D:6      | HP: 3/83 [poisoned by a killer bee]
  6902 | D:6      | HP: 2/83 [poisoned by a killer bee]
  6910 | D:6      | HP: 2/83 [poisoned by a killer bee]
  8387 | D:7      | Found a glowing silver altar of Zin.
  8415 | D:7      | Reached skill level 11 in Maces & Flails
  8599 | D:8      | Found a blossoming altar of Fedhas.
  8600 | D:8      | Found a shattered altar of Ashenzari.
  8600 | D:8      | Noticed Pikel
  8877 | D:8      | Found a sparkling altar of Nemelex Xobeh.
  8877 | D:8      | Found a sacrificial altar of Ru.
  8896 | D:8      | Found a shimmering altar of Xom.
  8902 | D:8      | Killed Pikel
  8902 | D:8      | Reached skill level 12 in Maces & Flails
  9248 | D:8      | Noticed Erica
  9616 | D:8      | Noticed a five-headed hydra
  9619 | D:8      | Reached XP level 10. HP: 91/91 MP: 19/19
  9625 | D:8      | Killed a five-headed hydra
  9625 | D:8      | Acquired Okawaru's second power
  9625 | D:8      | Reached skill level 13 in Maces & Flails
 10115 | D:8      | Received a gift from Okawaru
 10198 | D:8      | Reached skill level 14 in Maces & Flails
 10837 | D:8      | Killed Erica
 10837 | D:8      | Received a gift from Okawaru
 10837 | D:8      | Received a gift from Okawaru
 10995 | D:9      | Received a gift from Okawaru
 11342 | D:9      | Noticed raph's ghost (experienced DrIE)
 11615 | D:8      | Reached skill level 1 in Invocations
 11843 | D:9      | Found Iluppis's Armour Shoppe.
 11892 | D:9      | Received a gift from Okawaru
 11892 | D:9      | Reached XP level 11. HP: 97/101 MP: 20/20
 11972 | D:9      | HP: 3/101 [raph's ghost/bolt of negative energy (12)]
 11990 | D:9      | Killed from afar by raph's ghost

Action                   |  1- 3 |  4- 6 |  7- 9 | 10-12 || total
-------------------------+-------+-------+-------+-------++-------
Melee: Unarmed           |    15 |       |       |       ||    15
       Club              |   101 |       |       |       ||   101
       Dagger            |     2 |    72 |       |       ||    74
       Flail             |       |   140 |   285 |   188 ||   613
       Trident           |       |       |       |    10 ||    10
 Fire: Blowgun           |       |       |    20 |    10 ||    30
Throw: Javelin           |       |       |    21 |    11 ||    32
 Cast: Magic Dart        |    35 |    18 |    13 |     4 ||    70
       Repel Missiles    |     1 |       |     3 |     1 ||     5
       Call Imp          |       |     8 |    22 |     6 ||    36
       Mephitic Cloud    |       |       |     3 |       ||     3
       Conjure Flame     |       |       |       |     4 ||     4
       Blink             |       |       |       |     2 ||     2
Invok: Heroism           |       |       |     1 |     3 ||     4
       Finesse           |       |       |       |     1 ||     1
  Use: Potion            |     1 |       |       |     2 ||     3
       Scroll            |       |     9 |     8 |     3 ||    20
 Stab: Sleeping          |       |     2 |       |       ||     2
  Eat: Chunk             |     2 |     9 |    15 |     7 ||    33
       Pizza             |       |       |     1 |     1 ||     2
       Beef jerky        |       |       |     1 |       ||     1
